 Dungeon Crawl Stone Soup version 0.29-a0-119-g4040846114 (webtiles) character file.

Game seed: 8390617876114688252

1241 cyrus the Covered (level 8, -4/54 HPs)
             Began as a Demonspawn Fighter on Feb 20, 2022.
             Was a Believer of Hepliaklqana.
             Slain by a gnoll (10 damage)
             ... on level 5 of the Dungeon.
             The game lasted 00:13:40 (5782 turns).

cyrus the Covered (Demonspawn Fighter)              Turns: 5782, Time: 00:13:41

Health: -4/54      AC: 10    Str: 17    XL:     8   Next: 25%
Magic:  8/8        EV: 10    Int: 12    God:    Hepliaklqana [**....]
Gold:   370        SH:  5    Dex: 12    Spells: 7/7 levels left

rFire   . . .      SeeInvis .   a - +0 trident
rCold   . . .      Faith    .   c - +0 buckler
rNeg    . . .      Spirit   .   b - +0 scale mail
rPois   .          Reflect  .   (helmet restricted)
rElec   .          Harm     .   A - +0 cloak
rCorr   .          Rampage  .   (no gloves)
Will    .....                   k - +0 pair of boots
Stlth   ..........              (no amulet)
HPRegen 0.18/turn               (no ring)
MPRegen 0.11/turn               (no ring)

@: no status effects
A: reduced essence, antennae 1, claws 2, spiny 2, condensation shield
a: Renounce Religion, Recall Ancestor, Ancestor Identity


You were on level 5 of the Dungeon.
You worshipped Hepliaklqana.
Hepliaklqana was pleased with you.
You visited 1 branch of the dungeon, and saw 5 of its levels.
You also visited: Sewer.

You collected 370 gold pieces.

Inventory:

Hand Weapons
 a - a +0 trident (weapon)
 s - a +0 halberd
Armour
 b - a +0 scale mail (worn)
 c - a +0 buckler (worn)
 f - a +0 ring mail
 k - a +0 pair of boots (worn)
 p - a scarf of repulsion
 A - a +0 cloak (worn)
Jewellery
 e - a ring of resist corrosion
Wands
 z - a wand of iceblast (8)
Scrolls
 g - 6 scrolls of identify {unknown}
 h - a scroll of immolation {unknown}
 m - 2 scrolls of fear {unknown}
 n - a scroll of fog {unknown}
 o - 2 scrolls of enchant weapon {unknown}
 r - 2 scrolls of acquirement {unknown}
 u - a scroll of enchant armour {unknown}
 x - a scroll of magic mapping {unknown}
 y - a scroll of teleportation {unknown}
Potions
 d - 2 potions of ambrosia {unknown}
 i - 2 potions of invisibility {unknown}
 j - a potion of berserk rage {unknown}
 l - a potion of curing {unknown}
 q - a potion of flight {unknown}
 t - a potion of mutation {unknown}
 v - a potion of magic {unknown}
 w - a potion of resistance {unknown}
 B - a potion of heal wounds {unknown}


   Skills:
 + Level 4.2 Fighting
 + Level 5.3 Polearms
 + Level 5.7 Armour
 + Level 2.2 Dodging
 + Level 1.0 Stealth
 + Level 4.5 Shields
 + Level 0.4 Evocations


You had 7 spell levels left.
You didn't know any spells.
Your spell library contained the following spells:

 Spells                   Type           Power      Damage    Failure   Level
 Freeze                   Ice            0%         1d3       78%         1
 Sublimation of Blood     Necr           0%         N/A       89%         2
 Frozen Ramparts          Ice            0%         1d2       98%         3
 Hailstorm                Conj/Ice       0%         3d3       100%        4
 Petrify                  Tmut/Erth      0%         N/A       100%        4
 Irradiate                Conj/Tmut      0%         3d13      100%        5


Dungeon Overview and Level Annotations

Branches:
Dungeon (5/15)              Sewer (visited)
 Temple: D:4-7

Altars:
Hepliaklqana
Xom

Shops:
D:4 *


Innate Abilities, Weirdness & Mutations

Your life essence is reduced to manifest your ancestor. (-10% HP)
You have a pair of small antennae on your head.
You have very sharp fingernails.
You are mostly covered in sharp spines.
A meltable shield of frost defends you. (SH +0)


Message History

You hit Pikel but do no damage.
Pikel is almost dead.
The gnoll hits you from afar with a +0 halberd.
Pikel hits you with a +0 whip of flaming.
Pikel burns you.
* * * LOW HITPOINT WARNING * * *
Eideard closely misses the phantom.
The phantom barely misses Eideard.
You hit Pikel.
You kill Pikel!
With Pikel's spell broken, his former minion thanks you for its freedom.
The lemure departs this earthly plane.
The gnoll hits you from afar with a +0 halberd!
* * * LOW HITPOINT WARNING * * *
Eideard misses the phantom.
Your Polearms skill increases to level 5!
You have reached level 8!
You feel clever.
Your demonic ancestry asserts itself...
Sharp spines emerge from more of your body.
Aiming: Iceblast
Press: ? - help, Q - select action, (/) - cycle Shift-Dir - straight line That beam is likely to hit you.
Continue anyway?
Okay, then.
Aiming: Iceblast
Press: ? - help, Q - select action, (/) - cycle Shift-Dir - straight line That beam is likely to hit you.
Continue anyway?
Okay, then.
You barely miss the phantom.
The phantom is moderately damaged.
You block the gnoll's attack.
Eideard hits the phantom with a +0 flail.
The phantom barely misses you.
You closely miss the phantom.
The phantom is moderately damaged.
You block the gnoll's attack.
Eideard misses the phantom.
The phantom is struck by your spines. The phantom hits you.
* * * LOW HITPOINT WARNING * * *
You hit the phantom.
The phantom is heavily damaged.
The gnoll hits you from afar with a +0 halberd!
You die...

....##.#............#
..................##.#
.....#.#.........##.#
..5.#.#.........##.#
.....#.....#.####.#
.#..#.....#.# #.#
{g.ยง#.....#.####.##
{#WR...............
#@.#####.#.#######
#..# #.#.# #..# #.#.#
#..# #.#.# ##.# #.#.#
#(# #.#.# #.# #....
.># ###


You could see the friendly Eideard the knight, a phantom (ally target) and a
gnoll.

Vanquished Creatures
  Pikel (D:5)
  A lemure (D:5)
  2 crimson imps (D:4)
  A bullfrog skeleton (D:4)
  7 gnolls
  5 adders
  An ufetubus (D:4)
  A worm (D:2)
  3 dart slugs
  11 orcs
  9 ball pythons
  4 bats (D:1)
  3 endoplasms
  2 giant cockroaches (D:1)
  8 goblins
  8 hobgoblins
  4 jackals
  3 quokkas
  5 frilled lizards
  4 kobolds
  8 rats
91 creatures vanquished.

Vanquished Creatures (collateral kills)
  A phantom (D:2)
  2 lemures (D:5)
  A kobold brigand (Sewer)
  Blork the orc (D:4)
  A crimson imp (D:4)
  A bullfrog zombie (D:5)
  An iguana (D:5)
  3 orc wizards
  A howler monkey zombie (D:5)
  3 adders
  3 river rats (Sewer)
  2 worms
  6 orcs
  An endoplasm (D:4)
  A giant cockroach (D:3)
  A hobgoblin (D:2)
  2 jackals
  A bat (D:3)
  2 kobolds (Sewer)
  2 rats (D:2)
36 creatures vanquished.

Vanquished Creatures (others)
  5 plants (Sewer)
  7 withered plants (D:1)
12 creatures vanquished.

Grand Total: 139 creatures vanquished

Notes
Turn   | Place    | Note
-------+----------+-------------------------------------------
     0 | D:1      | cyrus the Demonspawn Fighter began the quest for the Orb.
     0 | D:1      | Reached XP level 1. HP: 18/18 MP: 1/1
   168 | D:1      | Gained mutation: You are partially covered in sharp spines.
                  | [demonic ancestry]
   168 | D:1      | Reached XP level 2. HP: 24/24 MP: 2/2
   792 | D:1      | Gained mutation: A meltable shield of frost defends you.
                  | (SH +0) [demonic ancestry]
   792 | D:1      | Reached XP level 3. HP: 26/29 MP: 3/3
   902 | D:1      | Found a faded altar of an unknown god.
  1297 | D:1      | Prayed at the altar of an unknown god.
  1297 | D:1      | Became a worshipper of Hepliaklqana the Forgotten
  1297 | D:1      | Reached * piety under Hepliaklqana
  2200 | D:2      | Reached XP level 4. HP: 29/31 MP: 4/4
  2467 | D:2      | Noticed a phantom
  2474 | D:2      | Killed a phantom
  2475 | D:2      | Reached skill level 1 in Dodging
  2475 | D:2      | Discovered your monstrous ancestry.
  2475 | D:2      | Gained mutation: You have a pair of small antennae on your
                  | head. [demonic ancestry]
  2475 | D:2      | Reached XP level 5. HP: 24/36 MP: 5/5
  2857 | D:3      | Reached ** piety under Hepliaklqana
  2865 | D:3      | Remembered your ancestor Eideard as a knight
  3316 | D:3      | Found a glowing drain.
  3325 | Sewer    | Entered a sewer
  3450 | Sewer    | Gained mutation: You have sharp fingernails. [demonic
                  | ancestry]
  3450 | Sewer    | Reached XP level 6. HP: 37/43 MP: 6/6
  4116 | D:4      | Noticed Blork the orc
  4125 | D:4      | Found Wysuofua's Elemental Accessories.
  4133 | D:4      | Killed Blork the orc
  4749 | D:4      | Gained mutation: You have very sharp fingernails. [demonic
                  | ancestry]
  4749 | D:4      | Reached XP level 7. HP: 47/47 MP: 7/7
  4986 | D:4      | Found a shimmering altar of Xom.
  5000 | D:4      | Reached skill level 1 in Stealth
  5191 | D:5      | Entered Level 5 of the Dungeon
  5280 | D:5      | Reached skill level 5 in Armour
  5760 | D:5      | Noticed Pikel
  5779 | D:5      | Killed Pikel
  5780 | D:5      | Reached skill level 5 in Polearms
  5780 | D:5      | Gained mutation: You are mostly covered in sharp spines.
                  | [demonic ancestry]
  5780 | D:5      | Reached XP level 8. HP: 9/54 MP: 8/8
  5782 | D:5      | Slain by a gnoll

Illustrated notes

Levels and vault maps discovered:
D:1:      scummos_arrival_gate, layout_loops_cross,
          ebering_ecumenical_altar_petrified, hangedman_decor_riveting,
          minmay_ruptured
D:2:      layout_loops_corners, minmay_quantized
D:3:      layout_basic, portal_sewer_entry_d, minmay_misc_feat_alley
D:4:      layout_rooms, led_xom_imps, nicolae_elemental_shop, uniq_blork_the_orc
D:5:      layout_basic, uniq_pikel

Skill      XL: |  1  2  3  4  5  6  7 |
---------------+----------------------+-----
Shields        | 3 4 |  4.5
Armour         | 3 4 5 |  5.7
Polearms       | 2 3 5 |  5.3
Dodging        | 1 2 |  2.2
Stealth        | 1 |  1.0
Fighting       | 4 |  4.2
Evocations     | |  0.4

Action                   |  1- 3 |  4- 6 |  7- 9 || total
-------------------------+-------+-------+-------++-------
Melee: Trident           |   108 |    89 |    70 ||   267
Invok: Ancestor Life: Kn |       |     1 |       ||     1
Evoke: Wand              |       |       |     3 ||     3
  Use: Potion            |       |     1 |       ||     1
Armor: Scale mail        |    47 |    28 |    21 ||    96
Dodge: Dodged            |    41 |    32 |    23 ||    96
Block: Buckler           |    33 |    48 |    32 ||   113

Table legend: (Time is in decaauts)
 A = Elapsed time spent in this place.
 B = Non-inter-level travel time spent in this place.
 C = Inter-level travel time spent in this place.
 D = Time resting spent in this place.
 E = Time spent auto-exploring this place.
 F = Levels seen in this place.
 G = Mean time per level.
                   A        B        C        D        E       F      G
               +--------+--------+--------+--------+--------+-----+--------+
         Total |   5965 |   5735 |    230 |   1017 |   3482 |   6 |  994.2 |
       Dungeon |   5278 |   5048 |    230 |   1017 |   3007 |   5 | 1055.6 |
         Sewer |    686 |    686 |      0 |      0 |    474 |   1 |  686.0 |
               +--------+--------+--------+--------+--------+-----+--------+

Top non-repeatable levels by time:
     D:1: 1640 daAuts
     D:2: 1168 daAuts
     D:4: 1084 daAuts
     D:3: 790 daAuts
   Sewer: 686 daAuts
     D:5: 594 daAuts
